[Event "32nd Panamerican Youth 2022"]
[Site "Montevideo"]
[Date "2022.07.02"]
[Round "9.12"]
[White "Monroy Lopez, Gustavo Adolfo"]
[Black "Tang, Benjamin"]
[Result "0-1"]
[ECO "C01"]
[WhiteElo "1427"]
[BlackElo "1707"]
[Annotator "NA RC"]
[PlyCount "120"]
[EventDate "2022.06.26"]
[EventType "swiss"]
[EventCountry "URU"]
[SourceTitle "playchess.com"]
[Source "ChessBase"]
[SourceQuality "1"]
[TimeControl "5400+30"]

1. e4 e6 2. d4 d5 3. exd5 exd5 4. Bd3 c5 5. c3 Nf6 6. Ne2 Be7 7. O-O O-O 8. Bf4 Nc6 9. Nd2 Re8 10. h3 cxd4 11. cxd4 Bd6 12. Bxd6 Qxd6 13. Nf3 Ne4 14. Nc3 Bf5 15. Re1 Rad8 16. a3 Qf6 17. Bb5 Bg6 18. Rc1 Bh5 19. Bxc6 bxc6 20. Qd3 Bxf3 21. Qxf3 Qxd4 22. Nxe4 dxe4 23. Qc3 Qxc3 24. Rxc3 Rd6 25. f3 f5 26. Rc5 g6 27. fxe4 fxe4 28. Rc3 Ree6 29. Rc4 e3 30. Rc3 Rd2 31. Rcxe3 Rxe3 32. Rxe3 Rxb2 33. Re8+ Kf7 34. Rc8 Rb6 35. Rc7+ Ke6 36. Rxa7 c5 37. Rxh7 Kd5 38. Rd7+ Kc4 39. Rc7 Kd4 40. Rd7+ Kc3 41. Kf2 c4 42. g4 Kb2 43. Rd2+ Kc1 44. Re2 c3 45. Kg3 c2 46. Kf4 Kd1 47. Rxc2 Kxc2 48. Kg5 Kd3 49. h4 Ke4 50. h5 gxh5 51. gxh5 Rb5+ 52. Kg6 Kf4 53. h6 Rb6+ 54. Kg7 Kg5 55. h7 Rb7+ 56. Kg8 Kg6 57. h8=N+ Kf6 58. a4 Ra7 59. a5 Rb7 60. a6 Ra7 0-1

[Event "32nd Panamerican Youth 2022"]
[Site "Montevideo"]
[Date "2022.07.02"]
[Round "9.13"]
[White "Brito Carrascal, Isabela"]
[Black "Chen, Rachel Ruoxuan"]
[Result "1/2-1/2"]
[ECO "C67"]
[WhiteElo "1599"]
[BlackElo "1614"]
[Annotator "NA RC"]
[PlyCount "44"]
[EventDate "2022.06.26"]
[EventType "swiss"]
[EventCountry "URU"]
[SourceTitle "playchess.com"]
[Source "ChessBase"]
[SourceQuality "1"]
[TimeControl "5400+30"]

1. e4 e5 2. Nf3 Nc6 3. Bb5 Nf6 4. O-O Nxe4 5. Bxc6 dxc6 6. Re1 Nd6 7. Nxe5 Be7 8. b3 O-O 9. Bb2 Re8 10. d4 Bf8 11. Nd2 f6 12. Nef3 Bf5 13. Nh4 Rxe1+ 14. Qxe1 Bxc2 15. Rc1 Bg6 16. Nxg6 hxg6 17. Qe6+ Kh7 18. Rc3 Nf5 19. Rh3+ Nh6 20. Ne4 Qd5 21. Rxh6+ Kxh6 22. Qh3+ Qh5 1/2-1/2

[Event "32nd Panamerican Youth 2022"]
[Site "Montevideo"]
[Date "2022.07.02"]
[Round "9.14"]
[White "Adam, Ernestina"]
[Black "Villegas Ampuero, Consuelo"]
[Result "1-0"]
[ECO "B40"]
[WhiteElo "1723"]
[BlackElo "1333"]
[Annotator "NA RC"]
[PlyCount "55"]
[EventDate "2022.06.26"]
[EventType "swiss"]
[EventCountry "URU"]
[SourceTitle "playchess.com"]
[Source "ChessBase"]
[SourceQuality "1"]
[TimeControl "5400+30"]

1. e4 c5 2. Nf3 e6 3. c3 Nf6 4. e5 Nd5 5. d4 cxd4 6. cxd4 Nc6 7. Nc3 Qa5 8. Bd2 Bb4 9. a3 Bxc3 10. bxc3 Qc7 11. c4 Nde7 12. Bd3 d6 13. exd6 Qxd6 14. Bc3 O-O 15. Qd2 Nf5 16. Bxf5 exf5 17. O-O Rd8 18. d5 Ne7 19. Qd4 f6 20. Bb4 Qd7 21. Bxe7 Qxe7 22. Rfe1 Qd6 23. c5 Qd7 24. d6 Kh8 25. Re7 Qc6 26. Rae1 b6 27. Rxg7 Qxc5 28. Qxf6 1-0

[Event "32nd Panamerican Youth 2022"]
[Site "Montevideo"]
[Date "2022.07.02"]
[Round "9.15"]
[White "Ticona Rocabado, Licael Roderick"]
[Black "Cabiativa, Juan Esteban"]
[Result "*"]
[ECO "A45"]
[WhiteElo "2203"]
[BlackElo "2019"]
[Annotator "RC"]
[PlyCount "63"]
[EventDate "2022.06.26"]
[EventType "swiss"]
[EventCountry "URU"]
[SourceTitle "playchess.com"]
[Source "ChessBase"]
[SourceQuality "1"]
[TimeControl "5400+30"]

1. d4 Nf6 2. Nc3 d5 3. Bf4 g6 4. h3 Bg7 5. g4 c5 6. e3 O-O 7. Bg2 Be6 8. Nge2 Nc6 9. Ng3 cxd4 10. exd4 Qb6 11. g5 Nd7 12. O-O Qxb2 13. Nxd5 Bxd5 14. Bxd5 Nb6 15. Bxc6 bxc6 16. Be3 Rad8 17. Qf3 Bxd4 18. Bxd4 Qxd4 19. Qxc6 Qh4 20. Qe4 Qxg5 21. h4 Qf6 22. Rae1 e6 23. Qh1 Nc4 24. Rd1 Nd2 25. Rxd2 Rxd2 26. Ne4 Qf4 27. Nxd2 Qxd2 28. Qb7 Qxc2 29. Qxa7 Qe4 30. Qe7 Qg4+ 31. Kh1 Rc8 32. Rg1 *

[Event "32nd Panamerican Youth 2022"]
[Site "Montevideo"]
[Date "2022.07.02"]
[Round "9.15"]
[White "Da Cunha, Gabriela Goes"]
[Black "Mayeregger Gonzalez, Fiorella"]
[Result "1/2-1/2"]
[ECO "D91"]
[WhiteElo "1719"]
[BlackElo "1312"]
[Annotator "NA RC"]
[PlyCount "63"]
[EventDate "2022.06.26"]
[EventType "swiss"]
[EventCountry "URU"]
[SourceTitle "playchess.com"]
[Source "ChessBase"]
[SourceQuality "1"]
[TimeControl "5400+30"]

1. d4 Nf6 2. c4 g6 3. Nc3 Bg7 4. Nf3 d5 5. Bg5 Ne4 6. cxd5 Nxg5 7. Nxg5 e6 8. Nf3 exd5 9. e3 O-O 10. Be2 c6 11. O-O Be6 12. b4 Nd7 13. Rc1 b5 14. a4 a6 15. a5 f5 16. Na2 Rc8 17. g3 Qe7 18. Rc2 Rc7 19. Qd2 Rfc8 20. Nc1 Bf7 21. Nd3 h6 22. Rfc1 Qd6 23. Nc5 Nxc5 24. Rxc5 Qe6 25. Ne1 Bf8 26. R5c2 Bd6 27. Nd3 Qe7 28. Nc5 Bxc5 29. Rxc5 g5 30. Bd3 Be6 31. Qe2 Kg7 32. Qh5 1/2-1/2

[Event "32nd Panamerican Youth 2022"]
[Site "Montevideo"]
[Date "2022.07.02"]
[Round "9.16"]
[White "Diaz Bartolo, Elizabeth Schahrazad"]
[Black "Wilson, Hannah"]
[Result "1-0"]
[ECO "A01"]
[WhiteElo "1603"]
[BlackElo "1556"]
[Annotator "NA RC"]
[PlyCount "67"]
[EventDate "2022.06.26"]
[EventType "swiss"]
[EventCountry "URU"]
[SourceTitle "playchess.com"]
[Source "ChessBase"]
[SourceQuality "1"]
[TimeControl "5400+30"]

1. b3 d5 2. Bb2 c5 3. g3 Nc6 4. Bg2 e5 $15 5. e3 Nf6 6. Ne2 Be6 7. O-O Be7 8. d3 O-O 9. Nd2 Qd7 10. f4 Ng4 11. Rf3 d4 12. e4 Ne3 13. Qc1 Bg4 14. Rf2 Nb4 15. Nc4 Nbxc2 16. Nxe5 Qc8 17. Rb1 Nxg2 18. Qxc2 Ne3 19. Qd2 Bh3 20. f5 f6 21. Nf3 Ng4 22. Nf4 Nxf2 23. Kxf2 Bg4 24. Nh4 Bd6 25. Nhg2 Bxf4 26. Nxf4 g5 27. Ne6 Rf7 28. Rc1 b6 29. Bxd4 h6 30. Bb2 Qc6 31. h4 gxh4 32. Qxh6 Qd6 33. Qg6+ Kh8 34. Bxf6+ 1-0

[Event "32nd Panamerican Youth 2022"]
[Site "Montevideo"]
[Date "2022.07.02"]
[Round "9.17"]
[White "Lavandeira, Juan Facundo"]
[Black "Zacarias Rodriguez, Santiago"]
[Result "1/2-1/2"]
[ECO "A37"]
[WhiteElo "1766"]
[BlackElo "2075"]
[Annotator "RC"]
[PlyCount "22"]
[EventDate "2022.06.26"]
[EventType "swiss"]
[EventCountry "URU"]
[SourceTitle "playchess.com"]
[Source "ChessBase"]
[SourceQuality "1"]
[TimeControl "5400+30"]

1. c4 c5 2. g3 g6 3. Bg2 Nc6 4. Nc3 Bg7 5. Nf3 d6 6. O-O e6 7. d3 Nge7 8. a3 O-O 9. Rb1 d5 10. cxd5 exd5 11. Bf4 Bg4 1/2-1/2

[Event "32nd Panamerican Youth 2022"]
[Site "Montevideo"]
[Date "2022.07.02"]
[Round "9.18"]
[White "Ticona Rocabado, Licael Roderick"]
[Black "Cabiativa, Juan Esteban"]
[Result "1-0"]
[ECO "A06"]
[WhiteElo "2203"]
[BlackElo "2019"]
[Annotator "RC"]
[PlyCount "69"]
[EventDate "2022.06.26"]
[EventType "swiss"]
[EventCountry "URU"]
[SourceTitle "playchess.com"]
[Source "ChessBase"]
[SourceQuality "1"]
[TimeControl "5400+30"]

1. Nf3 d5 2. g3 Bg4 3. Bg2 c6 4. d4 Nf6 5. c3 e6 6. Nbd2 Be7 7. O-O O-O 8. Re1 Nbd7 9. e4 dxe4 10. Nxe4 Nxe4 11. Rxe4 Nf6 12. Re1 Qb6 13. Qc2 Bf5 14. Qe2 h6 15. Ne5 Rac8 16. g4 Bh7 17. h4 Qd8 18. g5 hxg5 19. hxg5 Nd5 20. g6 fxg6 21. Qg4 Nc7 22. Be4 Bd6 23. Bg5 Qe8 24. f4 Bxe5 25. fxe5 Rf5 26. Re2 Qf7 27. Rh2 Rf8 28. Bxf5 gxf5 29. Qh4 Qg6 30. Rg2 Qf7 31. Kf2 f4 32. Bf6 g6 33. Rh1 Nd5 34. Rgh2 Nxf6 35. exf6 1-0

[Event "32nd Panamerican Youth 2022"]
[Site "Montevideo"]
[Date "2022.07.02"]
[Round "9.19"]
[White "Caceres Benitez, Arturo Eduardo"]
[Black "Sloan, Jed"]
[Result "1/2-1/2"]
[ECO "B48"]
[WhiteElo "1570"]
[BlackElo "2058"]
[Annotator "RC"]
[PlyCount "63"]
[EventDate "2022.06.26"]
[EventType "swiss"]
[EventCountry "URU"]
[SourceTitle "playchess.com"]
[Source "ChessBase"]
[SourceQuality "1"]
[TimeControl "5400+30"]

1. e4 c5 2. Nf3 e6 3. d4 cxd4 4. Nxd4 Nc6 5. Nc3 Qc7 6. Be3 a6 7. a3 Nf6 8. f4 d6 9. Be2 Be7 10. O-O O-O 11. Kh1 Nxd4 12. Qxd4 b5 13. Rad1 Bb7 14. Rf3 e5 15. Qd3 Nxe4 16. Nxe4 d5 17. Rh3 dxe4 18. Qd7 Rac8 19. fxe5 Rfd8 20. Qf5 g6 21. Qf4 Rxd1+ 22. Bxd1 Rd8 23. Be2 Bf8 24. c3 Bg7 25. Bd4 Re8 26. Bd1 Qc4 27. e6 Rxe6 28. Bxg7 Kxg7 29. Rxh7+ Kxh7 30. Qxf7+ Kh6 31. Qf8+ Kh7 32. Qf7+ 1/2-1/2

[Event "32nd Panamerican Youth 2022"]
[Site "Montevideo"]
[Date "2022.07.02"]
[Round "9.20"]
[White "Handsztok, Matias"]
[Black "Caceres Sandoval, Eduardo"]
[Result "1/2-1/2"]
[ECO "D93"]
[WhiteElo "1944"]
[BlackElo "1677"]
[Annotator "RC"]
[PlyCount "106"]
[EventDate "2022.06.26"]
[EventType "swiss"]
[EventCountry "URU"]
[SourceTitle "playchess.com"]
[Source "ChessBase"]
[SourceQuality "1"]
[TimeControl "5400+30"]

1. d4 Nf6 2. c4 g6 3. Nf3 Bg7 4. Nc3 d5 5. Bf4 O-O 6. e3 c5 7. Be2 Nc6 8. O-O cxd4 9. exd4 dxc4 10. Bxc4 Na5 11. Be2 Be6 12. Re1 Rc8 13. Ne5 Nd7 14. Bf3 Nxe5 15. Bxe5 Bxe5 16. Rxe5 Nc4 17. Re2 Qa5 18. d5 Bf5 19. Qd4 Rfe8 20. h3 b6 21. Rae1 Rc7 22. d6 Nxd6 23. Nd5 Rc4 24. Qe5 Be6 25. Nxe7+ Rxe7 26. Qxd6 Qc5 27. Qd8+ Kg7 28. Rd2 Rc1 29. Bd1 Qc7 30. Qd4+ Kg8 31. Qe3 Rd7 32. f4 Qc5 33. Qxc5 bxc5 34. Rxd7 Bxd7 35. Kf2 Be6 36. Bb3 Rxe1 37. Kxe1 Bxb3 38. axb3 Kf8 39. Kd2 Ke7 40. Kd3 Kd6 41. Kc4 Kc6 42. b4 cxb4 43. Kxb4 Kb6 44. Ka4 a5 45. g4 h5 46. g5 h4 47. b3 Ka6 48. b4 axb4 49. Kxb4 Kb6 50. Kc4 Kc6 51. Kd4 Kd6 52. Ke4 Ke6 53. f5+ Kd6 1/2-1/2

[Event "32nd Panamerican Youth 2022"]
[Site "Montevideo"]
[Date "2022.07.02"]
[Round "9.21"]
[White "Francisco Guecamburu, Candela Be"]
[Black "Gonzalez Gonzalez, Valentina Anto"]
[Result "1-0"]
[ECO "C10"]
[WhiteElo "2240"]
[BlackElo "1457"]
[Annotator "TA"]
[PlyCount "37"]
[EventDate "2022.06.26"]
[EventType "swiss"]
[EventCountry "URU"]
[SourceTitle "playchess.com"]
[Source "ChessBase"]
[SourceQuality "1"]
[TimeControl "5400+30"]

1. e4 e6 2. d4 d5 3. Nc3 Nc6 4. e5 f6 5. f4 fxe5 6. dxe5 {[%emt 0:00:30] C10: French with 3 Nc3: Unusual Black 3rd moves and 3...dxe4.} Bc5 7. Nf3 Nh6 8. Na4 {[%emt 0:01:38] White has an edge.} Be7 9. Be3 {[%emt 0:11:22] [#]} b6 $146 ({Predecessor:} 9... O-O 10. Qd2 Bd7 11. Nc5 Bc8 12. Nb3 a5 13. a4 b6 14. c3 Ba6 15. Bxa6 Rxa6 {1-0 (37) Perelshteyn,E (2540)-Montalvo Rosario,A (2218) Santo Domingo 2006}) 10. Qd2 Nb8 11. c4 $36 {[%emt 0:20:31][%mdl 2048] Black is under pressure.} O-O (11... c5 $1 $11) 12. O-O-O {[%emt 0:07:27][%cal Rc4d5] White is more active.} Nf5 13. Bf2 b5 (13... Bb7 $14) 14. cxb5 $18 a5 $2 {[%emt 0:01:08] [#]} (14... a6 15. b6 Nd7) 15. Kb1 Nd7 16. Bd3 Bb4 17. Qc2 Nb6 (17... Kh8 {is a better defense.} 18. Bxf5 Rxf5) 18. Nxb6 cxb6 19. g4 {Weighted Error Value: White=0.13 (very precise) /Black=0.50} 1-0

[Event "32nd Panamerican Youth 2022"]
[Site "Montevideo"]
[Date "2022.07.02"]
[Round "9.22"]
[White "Bravo Mallco, Kate Azumi"]
[Black "Beltran Salvador, Milka"]
[Result "1-0"]
[ECO "B48"]
[WhiteElo "1958"]
[BlackElo "1694"]
[Annotator "RC"]
[PlyCount "41"]
[EventDate "2022.06.26"]
[EventType "swiss"]
[EventCountry "URU"]
[SourceTitle "playchess.com"]
[Source "ChessBase"]
[SourceQuality "1"]
[TimeControl "5400+30"]

1. e4 c5 2. Nf3 Nc6 3. d4 cxd4 4. Nxd4 e6 5. Nc3 Qc7 6. Be3 a6 7. Qf3 Nf6 8. O-O-O b5 9. e5 b4 10. exf6 bxc3 11. Nxc6 cxb2+ 12. Kb1 Qxc6 13. Qxc6 dxc6 14. Bd4 Rg8 15. Bd3 g6 16. Bc4 Bd7 17. Rd3 c5 18. Be5 Bc6 19. Rhd1 Be4 20. R3d2 Bh6 21. f4 1-0

[Event "32nd Panamerican Youth 2022"]
[Site "Montevideo"]
[Date "2022.07.02"]
[Round "9.23"]
[White "Contreras Huaman, Fiorella"]
[Black "Ramallo Aguilar, Ariadne Ricela"]
[Result "1-0"]
[ECO "B23"]
[WhiteElo "1924"]
[BlackElo "1477"]
[Annotator "RC"]
[PlyCount "117"]
[EventDate "2022.06.26"]
[EventType "swiss"]
[EventCountry "URU"]
[SourceTitle "playchess.com"]
[Source "ChessBase"]
[SourceQuality "1"]
[TimeControl "5400+30"]

1. e4 c5 2. Nc3 e6 3. g3 d5 4. d3 Nc6 5. Bg2 Nf6 6. Nge2 d4 7. Nb1 Be7 8. O-O O-O 9. f4 a6 10. h3 b5 11. Nd2 Bb7 12. g4 Rc8 13. Ng3 Na5 14. f5 exf5 15. Nxf5 c4 16. Nf3 cxd3 17. cxd3 Nc6 18. Bg5 Nd7 19. Nxe7+ Nxe7 20. Nxd4 Ne5 21. Be3 Qd7 22. Qb3 Rc7 23. Rad1 Rfc8 24. Rf2 N7g6 25. Nf5 a5 26. d4 Nc4 27. Bg5 a4 28. Qg3 Re8 29. b3 axb3 30. axb3 Na3 31. Nd6 Rf8 32. Nxb7 Rxb7 33. e5 Rbb8 34. d5 Rfe8 35. Re1 Rbc8 36. Bf4 Nc2 37. Ref1 b4 38. Kh2 Rc3 39. Rf3 Rec8 40. Qf2 Rxf3 41. Qxf3 Nd4 42. Qe4 Nxb3 43. Qxb4 Nc5 44. Bg3 Nd3 45. Qd4 Nc1 46. Qe3 Na2 47. Ra1 Nb4 48. Ra7 Qe8 49. Qe4 Qf8 50. Ra4 Nc2 51. d6 Qe8 52. Ra2 Nb4 53. Qxb4 Nxe5 54. Re2 f6 55. Qd4 Rd8 56. Bxe5 fxe5 57. Qd5+ Kh8 58. Qxe5 Qa4 59. Re4 1-0

[Event "32nd Panamerican Youth 2022"]
[Site "Montevideo"]
[Date "2022.07.02"]
[Round "9.24"]
[White "Montiel Caceres, Helen"]
[Black "D`souza, Carina"]
[Result "1/2-1/2"]
[ECO "A13"]
[WhiteElo "1763"]
[BlackElo "1471"]
[Annotator "NA RC"]
[PlyCount "66"]
[EventDate "2022.06.26"]
[EventType "swiss"]
[EventCountry "URU"]
[SourceTitle "playchess.com"]
[Source "ChessBase"]
[SourceQuality "1"]
[TimeControl "5400+30"]

1. c4 e6 2. Nf3 d5 3. e3 c6 4. Nc3 Nf6 5. b3 Nbd7 6. Qc2 c5 7. Bb2 Be7 8. d4 cxd4 9. exd4 O-O 10. Bd3 h6 11. O-O b6 12. Ne5 Bb7 13. Rfd1 Rc8 14. Qe2 Re8 15. Rac1 Bf8 16. cxd5 Nxd5 17. Nxd5 Bxd5 18. Bb5 Nxe5 19. Bxe8 Ng6 20. Bb5 Qg5 21. f3 Nf4 22. Rxc8 Nxe2+ 23. Bxe2 Qe7 24. Rdc1 Kh7 25. Bd3+ f5 26. R1c7 Qb4 27. Bc3 Qa3 28. Rd7 Bb4 29. Bxb4 Qxb4 30. Kf1 Qxd4 31. Be2 Qa1+ 32. Kf2 Qd4+ 33. Kf1 Qa1+ 1/2-1/2

[Event "32nd Panamerican Youth 2022"]
[Site "Montevideo"]
[Date "2022.07.02"]
[Round "9.25"]
[White "Flores Quillas, Diego Saul Rodri"]
[Black "Fiorito, Joaquin"]
[Result "1/2-1/2"]
[ECO "B19"]
[WhiteElo "2172"]
[BlackElo "2310"]
[Annotator "TA"]
[PlyCount "46"]
[EventDate "2022.06.26"]
[EventType "swiss"]
[EventCountry "URU"]
[SourceTitle "playchess.com"]
[Source "ChessBase"]
[SourceQuality "1"]
[TimeControl "5400+30"]

1. e4 c6 2. d4 d5 3. Nc3 dxe4 4. Nxe4 Bf5 5. Ng3 Bg6 6. h4 h6 7. Nf3 Nd7 8. h5 Bh7 9. Bd3 Bxd3 10. Qxd3 Ngf6 11. Bd2 e6 12. O-O-O Be7 13. Kb1 O-O 14. Ne4 {The position is equal.} c5 {B19: Classical Caro-Kann: 4...Bf5 main line.} 15. g4 Nxg4 {[#] ...f5 is the strong threat.} 16. Rhg1 f5 {Strongly threatening ...Rf7.} 17. Qc4 {[%csl LRc5,LRe6] [#] An interesting draw.  Weighted Error Value: White=0.11 (very precise) /Black=0.00 (flawless)} {Predecessor:} Qb6 $146 18. dxc5 Qc6 19. Bc3 b5 20. Qe2 b4 21. Bxb4 Rab8 22. Bc3 e5 23. Rxd7 Qxd7 {1-0 (31) Ding,Y (2439)-Gunina,V (2548) Ningbo 2015} 1/2-1/2

[Event "32nd Panamerican Youth 2022"]
[Site "Montevideo"]
[Date "2022.07.02"]
[Round "9.25"]
[White "Reyes Zavaleta, Fabian Ricardo"]
[Black "Toro, Miguel Angel"]
[Result "*"]
[ECO "B19"]
[WhiteElo "2055"]
[BlackElo "2026"]
[Annotator "NA RC"]
[PlyCount "30"]
[EventDate "2022.06.26"]
[EventType "swiss"]
[EventCountry "URU"]
[SourceTitle "playchess.com"]
[Source "ChessBase"]
[SourceQuality "1"]
[TimeControl "5400+30"]

1. e4 c6 2. d4 d5 3. Nc3 dxe4 4. Nxe4 Bf5 5. Ng3 Bg6 6. h4 h6 7. Nf3 Nd7 8. h5 Bh7 9. Bd3 Bxd3 10. Qxd3 Ngf6 11. Bd2 e6 12. O-O-O Be7 13. Kb1 O-O 14. Ne4 c5 15. g4 Nxg4 *

[Event "32nd Panamerican Youth 2022"]
[Site "Montevideo"]
[Date "2022.07.02"]
[Round "9.26"]
[White "Arias Diaz, Miguel Angel"]
[Black "Vasquez Vargas, Henry Richard"]
[Result "0-1"]
[ECO "E48"]
[WhiteElo "1848"]
[BlackElo "2067"]
[Annotator "NA RC"]
[PlyCount "82"]
[EventDate "2022.06.26"]
[EventType "swiss"]
[EventCountry "URU"]
[SourceTitle "playchess.com"]
[Source "ChessBase"]
[SourceQuality "1"]
[TimeControl "5400+30"]

1. d4 Nf6 2. c4 e6 3. Nc3 Bb4 4. e3 O-O 5. Bd3 d5 6. cxd5 exd5 7. Nge2 Re8 8. O-O Bd6 9. Ng3 c6 10. Bd2 h5 11. Nxh5 Ng4 12. Ng3 Qh4 13. h3 Nxf2 14. Rxf2 Bxg3 15. Rf1 Nd7 16. Qf3 Nf6 17. Be1 Bxe1 18. Raxe1 Be6 19. e4 dxe4 20. Nxe4 Nxe4 21. Rxe4 Qh6 22. Re5 Bd5 23. Qe2 Rxe5 24. Qxe5 Qe6 25. Re1 Qxe5 26. Rxe5 Bxa2 27. Re7 Rb8 28. Kf2 Be6 29. Rc7 Kf8 30. Be4 Ke8 31. d5 cxd5 32. Bf3 Kd8 33. Rc5 b6 34. Rb5 a6 35. Rb4 Kc7 36. Ra4 a5 37. Ke3 Kd6 38. h4 Rc8 39. Ra3 Rc4 40. g3 Rb4 41. h5 Rxb2 0-1

[Event "32nd Panamerican Youth 2022"]
[Site "Montevideo"]
[Date "2022.07.02"]
[Round "9.27"]
[White "Carrizo, Luciano Ariel"]
[Black "Amigo Quintana, Antu"]
[Result "1-0"]
[ECO "A45"]
[WhiteElo "2124"]
[BlackElo "2073"]
[Annotator "NA RC"]
[PlyCount "61"]
[EventDate "2022.06.26"]
[EventType "swiss"]
[EventCountry "URU"]
[SourceTitle "playchess.com"]
[Source "ChessBase"]
[SourceQuality "1"]
[TimeControl "5400+30"]

1. d4 Nf6 2. Bf4 e6 3. e3 d5 4. Nf3 Bd6 5. c3 O-O 6. Bd3 c5 7. Nbd2 Qc7 8. Bxd6 Qxd6 9. Ne5 Nfd7 10. f4 f5 11. Qf3 Nf6 12. Qh3 Ne4 13. Ndf3 Nd7 14. Nxd7 Bxd7 15. Ne5 b5 16. Bxe4 dxe4 17. dxc5 Qc7 18. O-O Bc6 19. Rfd1 Bd5 20. b4 a5 21. a3 Ra7 22. Qg3 Rfa8 23. Qe1 Kh8 24. Qf1 Qb7 25. c4 bxc4 26. Nxc4 axb4 27. Nb6 bxa3 28. Nxa8 Rxa8 29. Rdb1 Qc6 30. Rxa3 Qc7 31. Raa1 1-0

[Event "32nd Panamerican Youth 2022"]
[Site "Montevideo"]
[Date "2022.07.02"]
[Round "9.28"]
[White "Reyes Zavaleta, Fabian Ricardo"]
[Black "Toro, Miguel Angel"]
[Result "1-0"]
[ECO "E63"]
[WhiteElo "2055"]
[BlackElo "2026"]
[Annotator "NA RC"]
[PlyCount "155"]
[EventDate "2022.06.26"]
[EventType "swiss"]
[EventCountry "URU"]
[SourceTitle "playchess.com"]
[Source "ChessBase"]
[SourceQuality "1"]
[TimeControl "5400+30"]

1. d4 Nf6 2. c4 g6 3. Nc3 Bg7 4. g3 O-O 5. Bg2 d6 6. Nf3 Nc6 7. O-O a6 8. Re1 Rb8 9. Rb1 Re8 10. d5 Na5 11. Qd3 c5 12. b3 b5 13. Bd2 e6 14. Ng5 h6 15. Nge4 Nxe4 16. Nxe4 exd5 17. Qxd5 Bb7 18. Qd3 Re6 19. Nxc5 dxc5 20. Qxd8+ Rxd8 21. Bxa5 Rd7 22. Bxb7 Rxb7 23. e3 Rd6 24. Rbd1 Rxd1 25. Rxd1 bxc4 26. bxc4 Rb2 27. Rd8+ Kh7 28. Rc8 Rxa2 29. Rxc5 Bf8 30. Rc8 Rxa5 31. Rxf8 Kg7 32. Ra8 Rc5 33. Rxa6 Rxc4 34. Kg2 Rc2 35. g4 Rb2 36. Kg3 Kf8 37. h4 Kg7 38. f4 Rb3 39. Kf3 Rb4 40. Ra5 Rb1 41. h5 gxh5 42. Rxh5 Rf1+ 43. Ke4 Kg6 44. Rb5 Ra1 45. Rb6+ Kg7 46. f5 Ra4+ 47. Kf3 Ra1 48. Rb2 Kf6 49. Rh2 Kg7 50. Rf2 Kf6 51. Kf4 Kg7 52. e4 Rb1 53. Rc2 Rf1+ 54. Ke5 Ra1 55. Rc7 Ra6 56. Kf4 Ra4 57. Ke5 Ra6 58. Rd7 Ra5+ 59. Rd5 Ra4 60. Rd4 Ra5+ 61. Kf4 Ra1 62. e5 Ra7 63. f6+ Kg6 64. Rd8 Ra4+ 65. Kg3 Re4 66. Rg8+ Kh7 67. Rg7+ Kh8 68. Rxf7 Rxe5 69. Kf4 Ra5 70. Re7 Kg8 71. Re5 Ra4+ 72. Kf5 Kf7 73. Re7+ Kg8 74. Re4 Ra5+ 75. Kg6 Kf8 76. Kxh6 Kf7 77. g5 Ra1 78. Re7+ 1-0

[Event "32nd Panamerican Youth 2022"]
[Site "Montevideo"]
[Date "2022.07.02"]
[Round "9.29"]
[White "Borda Rodas, Anapaola S."]
[Black "Guo, Hazel"]
[Result "1-0"]
[ECO "C10"]
[WhiteElo "2183"]
[BlackElo "1526"]
[Annotator "RC"]
[PlyCount "85"]
[EventDate "2022.06.26"]
[EventType "swiss"]
[EventCountry "URU"]
[SourceTitle "playchess.com"]
[Source "ChessBase"]
[SourceQuality "1"]
[TimeControl "5400+30"]

1. e4 e6 2. d4 d5 3. Nc3 dxe4 4. Nxe4 Bd7 5. Nf3 Bc6 6. Bd3 Nd7 7. O-O Ngf6 8. Ned2 Be7 9. Nc4 b6 10. Nce5 Bb7 11. Bb5 O-O 12. Bc6 Qc8 13. Bg5 Bd6 14. Bb5 a6 15. Bd3 c5 16. c3 Qc7 17. Re1 h6 18. Bh4 Bxf3 19. Nxf3 Rfe8 20. Qe2 b5 21. Ne5 c4 22. Bc2 Be7 23. Nxf7 Nf8 24. Ne5 Rac8 25. Qf3 N8h7 26. Rad1 Bd6 27. Bg6 Rf8 28. Qh3 Kh8 29. Qxe6 Bxe5 30. dxe5 Ng8 31. Rd7 Qc5 32. Bf7 Rc6 33. Qg4 Qb6 34. Re3 Rxf7 35. Rxf7 Rg6 36. Qd4 Qe6 37. Qd7 Qb6 38. Rg3 Ng5 39. Bxg5 hxg5 40. Rh3+ Nh6 41. Qe8+ Kh7 42. Rf8 Re6 43. Rh8# 1-0

[Event "32nd Panamerican Youth 2022"]
[Site "Montevideo"]
[Date "2022.07.02"]
[Round "9.30"]
[White "Bosco, Giuliana"]
[Black "Garcia Andrada, Heidy Nicole"]
[Result "1/2-1/2"]
[ECO "C00"]
[WhiteElo "1867"]
[BlackElo "1968"]
[Annotator "NA RC"]
[PlyCount "22"]
[EventDate "2022.06.26"]
[EventType "swiss"]
[EventCountry "URU"]
[SourceTitle "playchess.com"]
[Source "ChessBase"]
[SourceQuality "1"]
[TimeControl "5400+30"]

1. e4 e6 2. d4 b6 3. Bd3 Bb7 4. Ne2 d6 5. O-O Nd7 6. f4 c5 7. c3 Ngf6 8. Nd2 Qc7 9. Ng3 g6 10. Nf3 Be7 11. Bd2 d5 1/2-1/2

[Event "32nd Panamerican Youth 2022"]
[Site "Montevideo"]
[Date "2022.07.02"]
[Round "9.31"]
[White "Ibarra Mayorga, Ximena"]
[Black "Matus, Nastassja"]
[Result "1/2-1/2"]
[ECO "D02"]
[WhiteElo "1686"]
[BlackElo "1918"]
[Annotator "NA RC"]
[PlyCount "57"]
[EventDate "2022.06.26"]
[EventType "swiss"]
[EventCountry "URU"]
[SourceTitle "playchess.com"]
[Source "ChessBase"]
[SourceQuality "1"]
[TimeControl "5400+30"]

1. d4 d5 2. Nf3 Nf6 3. g3 e6 4. Bg2 Bb4+ 5. Bd2 Bd6 6. c4 Nbd7 7. Bc3 Ne4 8. O-O c6 9. Nfd2 f5 10. Nxe4 fxe4 11. f3 exf3 12. Bxf3 O-O 13. e4 dxe4 14. Bxe4 Rxf1+ 15. Qxf1 Nf6 16. Bf3 Qe7 17. Nd2 Bd7 18. a3 Re8 19. Re1 Qf7 20. Qg2 Qg6 21. Ne4 Be7 22. Nxf6+ Bxf6 23. Be4 Qh6 24. Qc2 g6 25. Qb3 b6 26. d5 Bxc3 27. Qxc3 exd5 28. cxd5 Qg7 29. Qd2 1/2-1/2